 Dungeon Crawl Stone Soup version 0.23.2-1-ga50397a6bc (webtiles) character file.

Game seed: 15810094598522817739

5730 MachJacob the Carver (level 10, -9/94 HPs)
             Began as a Minotaur Fighter on May 1, 2019.
             Was a Believer of Wu Jian.
             Mangled by Josephine
             ... wielding a +0 dagger
              (10 damage)
             ... on level 10 of the Dungeon.
             The game lasted 00:41:12 (9786 turns).

MachJacob the Carver (Minotaur Fighter)             Turns: 9786, Time: 00:41:13

Health: -9/94      AC: 14    Str: 26    XL:     10   Next: 48%
Magic:  0/0        EV:  5    Int:  3    God:    Wu Jian [**....]
Gold:   473        SH: 11    Dex: 16    Spells: 9/9 levels left

rFire    . . .     SeeInvis .   a - +1 long sword
rCold    . . .     Gourm    .   c - +0 shield
rNeg     . . .     Faith    .   S - +0 plate armour
rPois    .         Spirit   .   (helmet restricted)
rElec    .         Reflect  .   j - scarf {cloud immunity}
rCorr    .         Harm     .   w - +0 pair of gloves
MR       +....                  C - +0 pair of boots
Stlth    ..........             t - amulet of rage
HPRegen  0.25/turn              K - ring "Wennyh" {MR+ MP-9 Str+4 Dex+4}
MPRegen  0.07/turn              r - -2 ring of intelligence (curse)

@: slowed, heavily drained, very slow
A: retaliatory headbutt, horns 2
a: Wall Jump, Renounce Religion, Evoke Berserk Rage


You were on level 10 of the Dungeon.
You worshipped Wu Jian.
Wu Jian was pleased with you.
You were hungry.

You visited 2 branches of the dungeon, and saw 11 of its levels.

You collected 473 gold pieces.

Inventory:

Hand Weapons
 a - a +1 long sword (weapon)
 b - a +0 hunting sling
Missiles
 i - 38 sling bullets
 l - 321 stones (quivered)
 o - 2 exploding tomahawks
Armour
 c - a +0 shield (worn)
 j - a scarf of cloud immunity (worn)
 w - a +0 pair of gloves (worn)
 C - a +0 pair of boots (worn)
 S - a +0 plate armour (worn)
Jewellery
 g - an uncursed ring of stealth
 r - a cursed -2 ring of intelligence (right hand)
 t - an amulet of rage (around neck)
 E - an uncursed ring of protection from cold
 K - the ring "Wennyh" (left hand) {MR+ MP-9 Str+4 Dex+4}
   (You found it on level 6 of the Dungeon)

   [ring of protection from magic]

   It affects your strength (+4).
   It affects your dexterity (+4).
   It affects your resistance to hostile enchantments.
   It affects your magic capacity (-9).
 Q - an uncursed ring of protection from cold
Wands
 v - a wand of iceblast (4)
 x - a wand of disintegration (20)
 B - a wand of acid (9)
 I - a wand of polymorph (24)
 P - a wand of digging (6)
Scrolls
 e - a scroll of random uselessness {unknown}
 h - 5 scrolls of teleportation
 k - 3 scrolls of enchant weapon
 p - a scroll of fear
 q - 2 scrolls of magic mapping
 y - 4 scrolls of amnesia
 z - 5 scrolls of identify
 G - a scroll of holy word {unknown}
 J - a scroll of immolation {unknown}
 L - a scroll of brand weapon {unknown}
Potions
 d - 4 potions of might
 m - 4 potions of curing
 n - 2 potions of cancellation
 s - a potion of flight
 u - a potion of lignification
 A - a potion of mutation
 D - a potion of heal wounds
 F - a potion of degeneration {unknown}
 H - a potion of magic {unknown}
 M - a potion of agility
 N - a potion of brilliance {unknown}
 R - a potion of berserk rage {unknown}
Comestibles
 f - 18 rations


   Skills:
 + Level 10.3(8.4) Fighting
 * Level 13.4(11.3) Long Blades
 + Level 7.1(5.3) Armour
 + Level 7.0(5.3) Shields


You had 9 spell levels left.
You didn't know any spells.
Your spell library contained the following spells:

 Spells                   Type           Power        Failure   Level  Hunger
 Animate Skeleton         Necr           N/A          100%        1    ##.....
 Apportation              Tloc           #.....       100%        1    ##.....
 Confusing Touch          Hex            #.....       100%        1    ##.....
 Infusion                 Chrm           #...         100%        1    ##.....
 Summon Small Mammal      Summ           #...         100%        1    ##.....
 Shroud of Golubria       Chrm/Tloc      #.........   100%        2    ###....
 Song of Slaying          Chrm           #.......     100%        2    ###....
 Regeneration             Chrm/Necr      #.........   100%        3    ####...
 Spectral Weapon          Hex/Chrm       #.......     100%        3    ####...


Dungeon Overview and Level Annotations

Branches:
Dungeon (10/15)            Temple (1/1) D:7
   Lair: D:8-11         Orc: D:9-12

Altars:
Ashenzari
Cheibriados
Dithmenos
Elyvilon
Fedhas
Gozag
Hepliaklqana
Kikubaaqudgha
Makhleb
Nemelex Xobeh
Okawaru
Qazlal
Ru
Sif Muna
Trog
Uskayaw
Vehumet
Wu Jian
Xom
Yredelemnul
Zin
The Shining One

Annotations:
D:3 Grinder
D:6 exclusion: oklob plant
D:10 Josephine


Innate Abilities, Weirdness & Mutations

You reflexively headbutt those who attack you in melee.
You have a pair of horns on your head.


Message History

Press: ? - help, v - describe, . - travel
Here: Josephine, wielding a +0 dagger and wearing a +0 robe of magic resistance (lightly wounded, unusually strong, pinned by a whirlwind)
An open door.
You closely miss Josephine.
Josephine is lightly wounded.
Josephine says, "How about some decapitation?"
Josephine points at you and mumbles some strange words.
The ghostly flame explodes!
The ghostly fireball engulfs you!!
You feel drained.
The ghostly fireball engulfs Josephine.
Josephine completely resists.
Josephine hits you but does no damage.
Press: ? - help, v - describe, . - travel
Here: Josephine, wielding a +0 dagger and wearing a +0 robe of magic resistance (lightly wounded, unusually strong)
An open door.
Josephine casts a spell at you.
The ghostly flame explodes!
The ghostly fireball engulfs you!!
You feel drained.
* * * LOW HITPOINT WARNING * * *
There is an escape hatch in the ceiling here.
Josephine hits you but does no damage. Josephine hits you with a +0 dagger!
You die...

####### ..>....
###########
......(###..........
.....Z.W(#..........
.....W.#.#W@@.......
.......#W..W........
.......###..........
....... ###.#######
....... #.#####
....... #<....#
.###### #####...# ..


You could see Josephine and 3 wraiths.

Vanquished Creatures
  Harold (D:8)
  A two-headed ogre (D:4)
  A hornet (D:7)
  A wyvern (D:9)
  A wraith (D:10)
  A yak (D:4)
  2 orc warriors (D:9)
  3 sky beasts
  An ice beast (D:10)
  A phantom (D:6)
  The ghost of Xerberus86 the Skirmisher, an amateur DsFi (D:4)
  3 centaurs
  3 ogres
  A big kobold (D:8)
  3 bullfrogs
  A water moccasin zombie (D:9)
  4 scorpions
  5 killer bees
  4 wights (D:7)
  2 howler monkeys (D:7)
  7 crimson imps
  A centaur zombie (D:8)
  2 hounds
  A bullfrog zombie (D:5)
  3 jellies
  2 centaur skeletons
  2 orc priests
  2 bullfrog skeletons
  6 iguanas
  7 orc wizards
  8 worker ants
  A hound zombie (D:9)
  A hound skeleton (D:9)
  A worker ant zombie (D:6)
  4 gnolls
  16 adders
  2 shadow imps
  3 adder skeletons
  2 worms
  A dart slug (D:1)
  3 leopard geckos
  32 orcs
  A bat zombie (D:4)
  3 giant cockroaches
  4 goblins
  7 hobgoblins
  5 jackals
  11 kobolds
  3 quokkas
  7 bats
  3 frilled lizards
  A leopard gecko skeleton (D:4)
  A quokka zombie (D:5)
  10 rats
  A rat zombie (D:4)
204 creatures vanquished.

Notes
Turn   | Place    | Note
-------+----------+-------------------------------------------
     0 | D:1      | MachJacob the Minotaur Fighter began the quest for the Orb.
     0 | D:1      | Reached XP level 1. HP: 19/19 MP: 0/0
   263 | D:1      | Reached skill level 3 in Long Blades
   318 | D:1      | Reached XP level 2. HP: 27/27 MP: 1/1
   771 | D:2      | Reached XP level 3. HP: 28/33 MP: 2/2
   779 | D:2      | Reached skill level 4 in Long Blades
  1265 | D:2      | Reached XP level 4. HP: 30/41 MP: 3/3
  1696 | D:3      | Noticed Grinder
  1715 | D:3      | Paralysed by Grinder for 3 turns
  1732 | D:3      | Paralysed by Grinder for 6 turns
  1750 | D:3      | Paralysed by Grinder for 7 turns
  1806 | D:3      | Found a shadowy altar of Dithmenos.
  1919 | D:3      | Reached skill level 5 in Long Blades
  2607 | D:4      | Noticed a two-headed ogre
  2673 | D:4      | Reached XP level 5. HP: 39/47 MP: 4/4
  2739 | D:4      | Reached skill level 5 in Fighting
  2873 | D:4      | Noticed an ogre
  2881 | D:4      | Reached skill level 6 in Long Blades
  2885 | D:4      | Killed an ogre
  2885 | D:4      | Reached XP level 6. HP: 56/56 MP: 5/5
  2971 | D:4      | Found a runed translucent gate.
  2971 | D:4      | Found a runed translucent gate.
  2976 | D:4      | Found a runed translucent gate.
  3038 | D:4      | Identified the +1 ring mail of Bedevilment {rPois Str-5
                  | Int+8 Dex-3}
  3134 | D:4      | Found an opulent altar of Gozag.
  3136 | D:4      | Noticed a yak
  3137 | D:4      | Noticed Xerberus86's ghost (amateur DsFi)
  3160 | D:4      | Killed a yak
  3160 | D:4      | Reached skill level 7 in Long Blades
  3178 | D:4      | Killed a two-headed ogre
  3178 | D:4      | Reached skill level 9 in Long Blades
  3178 | D:4      | Reached XP level 7. HP: 15/66 MP: 6/6
  3178 | D:4      | Reached XP level 8. HP: 17/73 MP: 7/7
  3187 | D:4      | Killed Xerberus86's ghost
  3187 | D:4      | Reached skill level 10 in Long Blades
  3932 | D:4      | Found an ancient bone altar of Kikubaaqudgha.
  4005 | D:5      | Entered Level 5 of the Dungeon
  4543 | D:5      | Reached skill level 11 in Long Blades
  5151 | D:6      | Found a shimmering altar of Xom.
  5151 | D:6      | Noticed an oklob plant
  5271 | D:6      | Reached XP level 9. HP: 76/82 MP: 8/8
  5334 | D:6      | Found a white marble altar of Elyvilon.
  5562 | D:6      | Got an ancient platinum ring
  5688 | D:6      | Identified the ring "Wennyh" {MR+ MP-9 Str+4 Dex+4} (You
                  | found it on level 6 of the Dungeon)
  5738 | D:7      | Found a staircase to the Ecumenical Temple.
  5749 | Temple   | Entered the Ecumenical Temple
  5998 | Temple   | Became a worshipper of the Wu Jian Council
  6145 | D:7      | Paralysed by a hornet for 2 turns
  6150 | D:7      | Paralysed by a hornet for 2 turns
  6615 | D:7      | Reached skill level 5 in Armour
  6615 | D:7      | Reached skill level 5 in Shields
  6840 | D:7      | Found a sparkling altar of Nemelex Xobeh.
  6951 | D:7      | Reached skill level 12 in Long Blades
  7051 | D:7      | Reached * piety under Wu Jian
  7529 | D:8      | Noticed Harold
  7561 | D:8      | Killed Harold
  7572 | D:8      | Reached XP level 10. HP: 64/93 MP: 0/9
  8131 | D:8      | You fall through a shaft!
  8422 | D:9      | Reached skill level 10 in Fighting
  8564 | D:9      | Reached ** piety under Wu Jian
  8564 | D:9      | Reached skill level 13 in Long Blades
  8944 | D:9      | Noticed a two-headed ogre
  9683 | D:10     | Entered Level 10 of the Dungeon
  9768 | D:10     | Noticed Josephine
  9784 | D:10     | HP: 1/94 [Josephine/ghostly fireball (31)]
  9786 | D:10     | Mangled by Josephine

Skill      XL: |  1  2  3  4  5  6  7  8  9 10 |
---------------+-------------------------------+-----
Long Blades    | 3 4 5 6 9 11 12 13 | 13.4
Fighting       | 4 5 7 8 9 10 | 10.3
Armour         | 4 6 7 |  7.1
Shields        | 4 6 7 |  7.0

Action                   |  1- 3 |  4- 6 |  7- 9 | 10-12 || total
-------------------------+-------+-------+-------+-------++-------
Melee: Long sword        |    81 |    96 |   312 |   194 ||   683
       Headbutt          |    12 |    20 |    64 |    56 ||   152
 Fire: Hunting sling     |       |     3 |    10 |       ||    13
Throw: Stone             |     4 |     4 |     4 |     1 ||    13
Invok: Lunge             |       |       |    19 |    21 ||    40
       Whirlwind         |       |       |     2 |     1 ||     3
 Abil: Evoke Berserk Rag |       |     1 |       |       ||     1
  Use: Scroll            |       |    11 |     6 |       ||    17
       Potion            |       |     3 |     1 |       ||     4
  Eat: Chunk             |     1 |     7 |    14 |     7 ||    29
Armor: Scale mail        |    41 |    20 |       |       ||    61
       Chain mail        |       |    10 |    90 |    29 ||   129
       Skin              |       |     7 |     3 |       ||    10
       Plate armour      |       |       |       |    31 ||    31
Dodge: Dodged            |    20 |    17 |    51 |    20 ||   108
Block: Shield            |    45 |    50 |   128 |    71 ||   294
       Rpst.: Long sword |     1 |     4 |    15 |     5 ||    25
